 Dungeon Crawl Stone Soup version 0.25.1-1-g288607f5aa (webtiles) character file.

Game seed: 4207320021393152849

626164 protoss039 the Archmage (level 27, -8/244 HPs)
             Began as a Deep Elf Earth Elementalist on July 21, 2020.
             Was the Champion of the Shining One (penitent).
             Mangled by a greater mummy (14 damage)
             ... on level 1 of the Tomb of the Ancients on July 23, 2020.
             The game lasted 08:52:56 (88331 turns).

protoss039 the Archmage (DEEE)                     Turns: 88331, Time: 08:52:57

Health: -8/244     AC: 38    Str:  3    XL:     27
Magic:  3/65       EV: 13    Int: 30    God:    the Shining One [*]
Gold:   7635       SH:  8    Dex: 15    Spells: 4/80 levels left

rFire    . . .     SeeInvis .   I - +11 falchion "Paicyuci" {flame, rC+ rN+ Str-2}
rCold    + + .     Gourm    .   N - +3 buckler {AC+3}
rNeg     + + +     Faith    .   (armour currently unavailable)
rPois    ∞         Spirit   .   B - +0 helmet of Egalitarianism {rPois MR+++ Int-4 Slay+5}
rElec    +         Reflect  .   V - +2 cloak
rCorr    .         Harm     .   (gloves currently unavailable)
MR       +++++                  (boots currently unavailable)
Stlth    ++++......             v - amulet of regeneration
HPRegen  0.90/turn              H - ring of magical power
MPRegen  0.39/turn              C - ring "Nurrexuf" {rC+ Stlth+}

@: statue-form, starving, slowed, studying 3 skills, very slow
A: no striking features
}: 3/15 runes: decaying, serpentine, silver
a: End Transformation, Renounce Religion


You were on level 1 of the Tomb of the Ancients.
You worshipped the Shining One.
The Shining One was demanding penance.
You were starving.
You were a stone statue.
You visited 10 branches of the dungeon, and saw 49 of its levels.
You visited 1 bazaar.
You also visited: Bailey, Ice Cave and Wizlab.

You collected 11798 gold pieces.
You spent 4163 gold pieces at shops.

Inventory:

Hand Weapons
 o - the +9 staff of Wucad Mu {channel}
   (You found it in a wizard's laboratory)
 s - the +8 autumn katana {vorpal, Clar}
   (You found it on level 3 of the Elven Halls)

   It inflicts extra damage upon your enemies.
   It protects you against confusion.
 I - the +11 falchion "Paicyuci" (weapon) {flame, rC+ rN+ Str-2}
   (You took it off a deep elf annihilator on level 3 of the Elven Halls)

   It has been specially enchanted to burn those struck by it, causing extra
   injury to most foes and up to half again as much damage against particularly
   susceptible opponents.
   Big, fiery blades are also staple armaments of hydra-hunters.
   It affects your strength (-2).
   It protects you from cold.
   It protects you from negative energy.
 R - the +9 dagger "Xyriupn" {vorpal, Int+2 SInv}
   (You found it in an ice cave)

   It inflicts extra damage upon your enemies.
   It affects your intelligence (+2).
   It lets you see invisible.
Missiles
 p - 102 stones (quivered)
Armour
 c - a +2 pair of boots of flying (melded)
 w - a +2 pair of gloves of strength (melded)
 y - the +9 scales of the Dragon King {rPois rF+ rC+ MR+}
   (You took it off a deep elf blademaster on level 3 of the Elven Halls)

   It protects you from fire.
   It protects you from cold.
   It protects you from poison.
   It affects your resistance to hostile enchantments.
 B - the +0 helmet of Egalitarianism (worn) {rPois MR+++ Int-4 Slay+5}
   (You acquired it in a bazaar)

   It affects your intelligence (-4).
   It affects your accuracy and damage with ranged weapons and melee attacks
   (+5).
   It protects you from poison.
   It affects your resistance to hostile enchantments.
 N - a +3 buckler of protection (worn)
 O - a +3 leather armour of fire resistance (melded)
 V - a +2 cloak (worn)
Magical Staves
 b - an uncursed staff of energy
 A - an uncursed staff of wizardry
Jewellery
 a - an uncursed ring of resist corrosion
 v - an amulet of regeneration (around neck)
 C - the ring "Nurrexuf" (right hand) {rC+ Stlth+}
   (You found it on level 4 of the Dungeon)

   [ring of protection from cold]

   It protects you from cold.
   It makes you more stealthy.
 H - a ring of magical power (left hand)
 L - the amulet of Finality {RegenMP +Blink rN+}
   (You found it on level 1 of the Swamp)

   [amulet of magic regeneration]

   It increases your magic regeneration.
   It protects you from negative energy.
   It lets you blink.
 X - an uncursed ring of protection from fire
Wands
 g - a wand of paralysis (44)
 q - a wand of digging (21)
 t - a wand of polymorph (36)
 z - a wand of acid (70)
Scrolls
 f - 7 scrolls of identify
 h - 12 scrolls of fog
 i - 6 scrolls of amnesia
 j - 16 scrolls of teleportation
 l - 13 scrolls of enchant armour
 m - 34 scrolls of remove curse
 n - 5 scrolls of fear
 D - a scroll of blinking
 J - a scroll of summoning
 Q - 6 scrolls of enchant weapon
 W - 5 scrolls of magic mapping
Potions
 e - 4 potions of haste
 k - 3 potions of might
 r - 4 potions of heal wounds
 u - 4 potions of cancellation
 x - 5 potions of brilliance
 E - 7 potions of mutation
 G - 5 potions of resistance
 K - 3 potions of magic
 M - a potion of ambrosia
 S - 14 potions of curing
Books
 F - a manual of Fire Magic
 P - a manual of Ice Magic
 T - a manual of Air Magic
Comestibles
 d - 79 rations


   Skills:
 * Level 23.6 Fighting
 - Level 4.0 Armour
 - Level 3.0 Dodging
 - Level 5.0 Stealth
 - Level 4.0 Shields
 O Level 27 Spellcasting
 - Level 10.0 Conjurations
   Level 1.0 Hexes
 - Level 1.0 Charms
 - Level 8.0 Summonings
 - Level 4.0 Transmutations
 - Level 2.0 Fire Magic
 - Level 2.0 Air Magic
 O Level 27 Earth Magic
 - Level 2.0 Poison Magic
 - Level 10.0 Invocations


You had 4 spell levels left.
You knew the following spells:

 Your Spells              Type           Power        Failure   Level  Hunger
a - Fire Storm            Conj/Fire      ######....   100%        9    ####...
b - Passwall              Tmut/Erth      #######.     0%          2    None
c - Tornado               Air            ######....   100%        9    ####...
d - Petrify               Tmut/Erth      #######.     0%          4    None
e - Lee's Rapid Deconstr  Erth           ########..   0%          5    None
f - Statue Form           Tmut/Erth      #######..    1%          6    None
g - Mephitic Cloud        Conj/Pois/Air  ######..     1%          3    None
h - Spellforged Servitor  Conj/Summ      #######...   13%         7    None
i - Starburst             Conj/Fire      ######....   8%          6    None
j - Iron Shot             Conj/Erth      ########..   1%          6    None
k - Lehudib's Crystal Sp  Conj/Erth      ########..   1%          8    ##.....
l - Shatter               Erth           ########..   1%          9    ####...
n - Swiftness             Chrm/Air       #####...     1%          2    None

Your spell library contained the following spells:

 Spells                   Type           Power        Failure   Level  Hunger
 Magic Dart               Conj           ####         0%          1    None
 Sandblast                Erth           ######       0%          1    None
 Searing Ray              Conj           ######       0%          2    None
 Stone Arrow              Conj/Erth      ######       0%          3    None
 Animate Skeleton         Necr           N/A          1%          1    None
 Corona                   Hex            #####..      1%          1    None
 Foxfire                  Conj/Fire      ####         1%          1    None
 Pain                     Necr           ####         1%          1    None
 Shock                    Conj/Air       ####         1%          1    None
 Sting                    Tmut/Pois      ####         1%          1    None
 Blink                    Tloc           N/A          1%          2    None
 Call Imp                 Summ           ######..     1%          2    None
 Corpse Rot               Necr/Air       N/A          1%          2    None
 Ensorcelled Hibernation  Hex/Ice        #####.       1%          2    None
 Poisonous Vapours        Pois/Air       ######       1%          2    None
 Slow                     Hex            #####...     1%          2    None
 Sublimation of Blood     Necr           #####.....   1%          2    None
 Confusing Touch          Hex            #####...     1%          3    None
 Conjure Flame            Conj/Fire      ######..     1%          3    None
 Dazzling Flash           Conj/Hex       ######       1%          3    None
 Gell's Gravitas          Tloc           #####.....   1%          3    None
 Ignite Poison            Fire/Tmut/Pois ######..     1%          3    None
 Inner Flame              Hex/Fire       #####...     1%          3    None
 Portal Projectile        Hex/Tloc       #####.       1%          3    None
 Recall                   Summ/Tloc      N/A          1%          3    None
 Spectral Weapon          Hex/Chrm       #####...     1%          3    None
 Static Discharge         Conj/Air       ######..     1%          3    None
 Teleport Other           Tloc           #####...     1%          3    None
 Tukima's Dance           Hex            #####...     1%          3    None
 Vampiric Draining        Necr           #####.....   1%          3    None
 Fulminant Prism          Conj/Hex       ######....   1%          4    None
 Iskenderun's Mystic Bla  Conj/Tloc      ######..     1%          4    None
 Leda's Liquefaction      Hex/Erth       #######...   1%          4    None
 Sticky Flame             Conj/Fire      ######..     1%          4    None
 Airstrike                Air            ######....   2%          4    None
 Olgreb's Toxic Radiance  Pois           ######..     2%          4    None
 Cause Fear               Hex            #####.....   4%          4    None
 Animate Dead             Necr           N/A          6%          4    None
 Dispel Undead            Necr           #####...     6%          4    None
 Passage of Golubria      Tloc           N/A          6%          4    None
 Bolt of Magma            Conj/Fire/Erth #######...   1%          5    None
 Borgnjor's Vile Clutch   Necr/Erth      #######...   1%          5    None
 Fireball                 Conj/Fire      ######....   1%          5    None
 Irradiate                Conj/Tmut      ######....   1%          5    None
 Iskenderun's Battlesphe  Conj/Chrm      ######..     1%          5    None
 Lightning Bolt           Conj/Air       ######....   1%          5    None
 Summon Mana Viper        Hex/Summ       ######..     2%          5    None
 Shadow Creatures         Summ           N/A          3%          6    None
 Yara's Violent Unravell  Hex/Tmut       ######....   6%          5    None
 Silence                  Hex/Air        #####.....   9%          5    None
 Orb of Destruction       Conj           #######...   9%          7    None
 Excruciating Wounds      Chrm/Necr      #####.....   14%         5    None
 Metabolic Englaciation   Hex/Ice        #####.....   14%         5    None
 Agony                    Necr           #####...     17%         5    None
 Freezing Cloud           Conj/Ice/Air   ######....   19%         6    None
 Hydra Form               Tmut           ######....   19%         6    None
 Darkness                 Hex            #####.....   52%         6    None
 Invisibility             Hex            #####...     52%         6    None
 Death Channel            Necr           #####.....   67%         6    None
 Dispersal                Tloc           #####.....   67%         6    None
 Ozocubu's Refrigeration  Ice            #####.....   67%         6    None
 Simulacrum               Ice/Necr       #####.....   67%         6    None
 Dragon Form              Tmut           ######....   69%         7    None
 Malign Gateway           Summ/Tloc      ######....   69%         7    None
 Ring of Flames           Chrm/Fire      #####.....   95%         7    None
 Controlled Blink         Tloc           N/A          100%        8    ##.....
 Discord                  Hex            #####.....   100%        8    ##.....
 Disjunction              Tloc           #####.....   100%        8    ##.....
 Ignition                 Fire           ######....   100%        8    ##.....
 Dragon's Call            Summ           ######....   100%        9    ####...


Dungeon Overview and Level Annotations

Branches:
Dungeon (15/15)            Temple (0/1) D:5            Lair (6/6) D:10
  Swamp (4/4) Lair:2        Snake (4/4) Lair:4        Slime (0/5) Lair:6
    Orc (2/2) D:9             Elf (3/3) Orc:2        Vaults (5/5) D:14
  Crypt (3/3) Vaults:2       Tomb (2/3) Crypt:3      Depths (5/5) D:15
    Zot (0/5) Depths:5     Bailey (visited)           IceCv (visited)
 WizLab (visited)

Altars:
Ashenzari
Elyvilon
Fedhas
Gozag
Kikubaaqudgha
Makhleb
Okawaru
Qazlal
Sif Muna
Uskayaw
Vehumet
Wu Jian
Xom
The Shining One
Beogh
Jiyva
Lugonu

Shops:
D:5 *}*(   D:11 !   D:14 (   Orc:2 }(!!   Elf:1 :   Snake:1 }   Snake:3 !?![}
Vaults:2 [

Portals:
Hell: Depths:1 Depths:2 Depths:3 Depths:4 Depths:5
Abyss: Depths:4
Pandemonium: Depths:3
Ziggurat: Depths:5

Annotations:
D:4 exclusion: statue
D:9 1 exclusion
D:11 3 exclusions
D:14 1 exclusion
Lair:2 3 runed translucent doors, Pechyafi's ghost, journeyman DDEE
Lair:3 1 runed translucent door, Ixoagrun's ghost, journeyman MiFi; Rupert
Swamp:1 1 exclusion
Swamp:3 1 runed translucent door, 2 exclusions, zergursh's ghost, journeyman DrFE
Snake:1 1 exclusion
Snake:2 3 runed translucent doors, exclusion: obsidian statue, vinnietd's ghost, adept HaFi
Vaults:1 1 exclusion
Vaults:2 2 exclusions, Marixus's ghost, adept HOFi
Vaults:3 1 exclusion, vegansnacktivist's ghost, adept DDFi
Depths:1 2 exclusions
Depths:2 1 runed translucent door, 1 exclusion, Fiteada's ghost, adept DsCK
Depths:3 1 exclusion


Message History

You destroy the greater mummy!
The Shining One accepts your kill.
You feel your strength returning.
The greater mummy is heavily damaged.
You destroy the greater mummy!
The Shining One accepts your kill.
The eight-headed hydra skeleton disappears in a puff of smoke!
The greater mummy is severely damaged.
The greater mummy is heavily damaged.
Ka-crash!
You are starving!
You feel extremely nervous for a moment...
Pain shoots through your body!!
* * * LOW HITPOINT WARNING * * *
You feel extremely nervous for a moment...
You feel horribly lethargic.
You feel as though you will be slow longer.
The bennu pecks you but does no damage. You block the bennu's attack.
The bennu claws you but does no damage. The greater mummy hits you!
You die...

............)...............)....
.................................
.................................
......................8...8......
...............[.................
...######...##.#..###.......#####
...# ...§....##.#.....8.# ...#
....§.b..>.........# ...#
.......8^§.#.......# ...#
...##.#M.........8.# ...# ..
.....#.......# ...# ...
......#.......# ...# #.#
M....##..8...8.# ...# ^ .......
#.......# ...# ........ #.......#
...# #.##M#....#.....8.# ...#
#.......#


You could see 3 greater mummies and a bennu.

Vanquished Creatures
  4 ancient liches
  A juggernaut (Depths:3)
  5 greater mummies
  The ghost of corvin the Brawler, a veteran TrBe of Trog (Vaults:2)
  Boris (Depths:4)
  Saint Roka (Depths:2)
  the Lernaean hydra (Swamp:4)
  The ghost of jlumianski the Warrior, a veteran KoBe of Trog (Vaults:3)
  A caustic shrike (Depths:3)
  The ghost of Dacon the Minotaur Blade, an adept MiGl of Gozag (Vaults:3)
  The ghost of Zonian the Slayer, an adept HOFi of Beogh (Vaults:3)
  The ghost of Skimidon the Executioner, an adept HOFi of Gozag (Vaults:3)
  A profane servitor (Crypt:3)
  3 golden dragons
  The ghost of TPoD the Slayer, an adept HOMo of Beogh (Vaults:3)
  2 bone dragons
  A Brimstone Fiend (Depths:5)
  Nikola (Depths:2)
  The ghost of Smee the Bludgeoner, an adept MiFi of Okawaru (Snake:3)
  4 liches
  An Ice Fiend (Depths:5)
  Jorgrun (Orc:2)
  4 tentacled monstrosities
  6 titans
  2 quicksilver dragons (Vaults:5)
  3 deep elf blademasters
  A deep elf master archer (Elf:3)
  6 ancient champions
  7 sphinxes
  Gastronok (Orc:1)
  4 storm dragons
  Agnes (Snake:1)
  3 tengu reavers
  The ghost of Kipt the Spry, an adept SpFE of Dithmenos (Vaults:3)
  5 shadow dragons
  2 revenants
  8 nagarajas (Snake:4)
  8 fire giants
  An iron dragon (Vaults:5)
  7 deep elf sorcerers
  6 frost giants
  Louise (Swamp:2)
  3 orc warlords
  A draconian scorcher (Depths:5)
  3 balrugs (Depths:5)
  21 vault wardens
  2 curse skulls
  The ghost of Bananafolds the Warrior, a journeyman MfSk of Makhleb (Lair:4)
  6 deep elf elementalists
  A ghoul (Vaults:2)
  A draconian annihilator (Depths:5)
  2 juggernaut skeletons
  10 ironheart preservers
  22 stone giants
  3 spriggan defenders
  7 very ugly things
  12 vampire knights
  Azrael (Elf:1)
  A green draconian (Depths:5)
  2 bennus (Tomb:2)
  Nessos (D:15)
  4 war gargoyles
  The ghost of Odimp the Protected, a journeyman KoWn of Wu Jian (Lair:4)
  5 deep elf demonologists
  2 black draconians (Depths:5)
  An orange crystal statue (WizLab)
  7 deep elf annihilators
  6 spark wasps
  A purple draconian (Depths:5)
  A red draconian (Depths:5)
  A merfolk javelineer (Depths:2)
  The ghost of Joth the Thaumaturge, a journeyman DEAE of Vehumet (Lair:4)
  5 eidola
  4 blizzard demons (Depths:5)
  Snorg (Orc:1)
  7 ettins
  10 deep elf death magi
  9 mummy priests
  The ghost of Nubia the Covert, a journeyman GnEn (Lair:4)
  13 fire dragons
  15 jiangshi
  2 deep elf high priests
  16 naga warriors
  11 ice dragons
  11 yaktaur captains
  7 great orbs of eyes
  A great orb of eyes (shapeshifter) (Vaults:5)
  21 hydras
  4 rakshasas
  A spectral shadow dragon (Crypt:3)
  2 catoblepae
  2 spriggan air magi
  2 quicksilver dragon skeletons
  A ghost crab (Swamp:3)
  12 ogre magi
  13 anacondas
  30 two-headed ogres
  31 vault guards
  5 death knights
  10 centaur warriors
  2 shambling mangroves (Swamp:2)
  10 alligators
  3 tengu warriors
  17 death scarabs
  26 dancing weapons
  3 deep troll shamans
  4 deep troll earth magi
  20 naga sharpshooters
  6 vampire magi
  3 death yaks (Lair:6)
  Urug (D:11)
  6 spriggan berserkers
  5 orc high priests (Orc:2)
  2 soul eaters (Depths:2)
  Sonja (Orc:1)
  A large abomination (Crypt:3)
  A storm dragon zombie (Depths:2)
  13 spriggans
  4 shock serpents
  21 deep elf knights
  3 shadow wraiths
  The ghost of Laummuim the Gouger, a journeyman FeFi of Fedhas (Lair:4)
  39 skeletal warriors
  6 hell knights
  9 deep trolls
  2 spriggan druids
  8 sea snakes (Snake:4)
  2 salamander mystics (Snake:2)
  A sea snake (shapeshifter) (Vaults:5)
  A glowing orange brain (Depths:1)
  5 flayed ghosts
  4 unseen horrors
  4 harpies (Vaults:4)
  A glowing orange brain (shapeshifter) (Depths:2)
  4 wizards
  16 ironbrand convokers
  7 naga ritualists
  A lindwurm (Lair:6)
  15 swamp dragons
  2 wolf spider zombies
  4 phantasmal warriors
  18 deep elf archers
  An orb spider (shapeshifter) (Vaults:1)
  20 orc knights
  13 necromancers
  12 salamanders
  A shining eye (shapeshifter) (Vaults:5)
  2 oklob plants
  A fire giant zombie (Vaults:2)
  An iron dragon zombie (Depths:2)
  2 cyclopes
  44 ugly things
  A manticore (D:14)
  14 mana vipers
  47 deep elf magi
  8 orc sorcerers
  2 wolf spiders
  15 elephants
  2 guardian serpents (shapeshifter) (Depths:2)
  13 naga magi
  3 stone giant skeletons
  3 ice statues (IceCv)
  41 black mambas
  5 guardian serpents
  15 spiny frogs
  5 torpor snails (Lair:6)
  A frost giant skeleton (Depths:2)
  A spiny frog (shapeshifter) (Elf:3)
  3 gargoyles
  13 vault sentinels
  A catoblepas zombie (Crypt:3)
  4 rime drakes (Lair:6)
  A yaktaur zombie (Vaults:2)
  A human zombie (Vaults:3)
  5 spectral swamp worms (Depths:2)
  A hellion (Depths:5)
  3 small abominations
  8 freezing wraiths
  44 yaktaurs
  2 efreet (D:13)
  A kobold demonologist (D:15)
  An emperor scorpion zombie (Crypt:1)
  16 komodo dragons
  A queen bee (shapeshifter) (Depths:2)
  2 trolls (shapeshifter)
  11 guardian mummies
  A ghost moth simulacrum (Crypt:1)
  3 merfolk (shapeshifter)
  A death drake zombie (Crypt:1)
  20 tyrant leeches
  A wind drake (shapeshifter) (Depths:2)
  14 trolls
  A polar bear (Lair:5)
  A tyrant leech (shapeshifter) (Vaults:5)
  A shadow dragon simulacrum (Vaults:3)
  31 hornets
  16 bog bodies
  16 slime creatures
  19 blink frogs
  A fire dragon zombie (Tomb:2)
  An iron dragon simulacrum (Depths:4)
  A dream sheep (shapeshifter) (Vaults:5)
  3 hippogriffs (shapeshifter)
  10 hippogriffs
  A fire dragon skeleton (Crypt:1)
  A redback (shapeshifter) (Depths:3)
  67 flying skulls
  5 ushabtiu (Tomb:2)
  10 water elementals
  10 wyverns
  An ettin skeleton (Crypt:1)
  9 shadows
  An air elemental (Elf:2)
  52 yaks
  10 wraiths
  5 basilisks
  2 hogs (shapeshifter)
  An alligator skeleton (Crypt:1)
  4 nameless horrors
  5 fire elementals
  24 vampire mosquitoes
  2 hungry ghosts
  10 swamp worms
  5 insubstantial wisps (Swamp:2)
  11 wargs
  A yaktaur simulacrum (Vaults:3)
  6 acid dragons
  65 nagas
  11 water moccasins
  A hell hound (Elf:1)
  9 porcupines
  10 ice beasts
  75 orc warriors
  16 swamp drakes
  2 sky beasts
  A manticore zombie (Tomb:2)
  3 black bears
  2 eyes of draining
  8 necrophages
  A tengu (shapeshifter) (Vaults:1)
  45 ogres
  A phantom (D:11)
  12 boggarts
  13 wolves
  24 centaurs
  2 human skeletons
  A lindwurm zombie (Crypt:2)
  A swamp dragon skeleton (Tomb:1)
  17 crocodiles
  A big kobold (shapeshifter) (Vaults:1)
  An elf zombie (Crypt:1)
  A rime drake skeleton (Crypt:1)
  17 bullfrogs
  A gnoll sergeant (D:9)
  A wyvern zombie (D:7)
  3 earth elementals
  3 scorpions
  A killer bee (shapeshifter) (D:15)
  A raiju skeleton (Crypt:2)
  7 killer bees
  11 wights
  3 electric eels
  2 howler monkeys
  7 vampire bats
  14 crimson imps
  6 centaur zombies
  8 hounds
  A quasit (D:12)
  4 jellies
  3 bullfrog skeletons
  38 orc priests
  3 centaur skeletons
  2 iron imps
  9 iguanas
  26 orc wizards
  13 worker ants
  A sky beast zombie (Crypt:2)
  A hound skeleton (D:5)
  23 mummies
  2 howler monkey zombies
  9 gnolls
  8 adders
  A swamp drake skeleton (Crypt:1)
  4 shadow imps
  4 white imps (Depths:5)
  An adder skeleton (D:7)
  2 adder zombies
  2 worms
  A ball lightning (Crypt:2)
  3 leopard geckos
  145 orcs
  4 bat skeletons (D:8)
  A bat zombie (D:8)
  7 giant cockroaches
  10 goblins
  5 hobgoblins
  7 jackals
  7 kobolds
  6 quokkas
  11 bats
  5 frilled lizards
  A hobgoblin skeleton (Crypt:2)
  A jackal skeleton (D:5)
  A quokka skeleton (D:7)
  6 rats
  A rat (shapeshifter) (Depths:4)
  A rat skeleton (Crypt:2)
  A crawling corpse (Elf:1)
  2 fungi
  4 plants (Lair:6)
2361 creatures vanquished.

Vanquished Creatures (collateral kills)
  Mara (Depths:4)
  2 greater mummies (Tomb:2)
  Bai Suzhen (Depths:3)
  A caustic shrike (Depths:3)
  A lich (Crypt:3)
  Asterion (Depths:2)
  3 sphinxes
  An ancient champion (Crypt:1)
  2 storm dragons (Depths:5)
  A shadow dragon (Vaults:5)
  A frost giant (Depths:3)
  A draconian knight (Depths:5)
  2 fire giants (Depths:3)
  4 deep elf elementalists (Elf:3)
  A spriggan defender (Depths:4)
  A ghoul (Crypt:3)
  A very ugly thing (Depths:1)
  3 vampire knights
  A purple draconian (Depths:5)
  An ettin (Depths:4)
  3 jiangshi
  A deep elf death mage (Depths:2)
  7 mummy priests
  A fire dragon (Depths:5)
  3 yaktaur captains
  A great orb of eyes (Depths:1)
  A quicksilver dragon skeleton (Tomb:1)
  2 ice dragons
  A death knight (Crypt:1)
  3 vampire magi
  2 tengu warriors
  4 spriggan berserkers
  4 death scarabs (Tomb:1)
  5 dancing weapons
  A large abomination (Crypt:3)
  2 shadow wraiths
  3 spriggans
  14 skeletal warriors
  2 flayed ghosts (Crypt:3)
  A golden dragon skeleton (Crypt:2)
  A tengu zombie (Depths:4)
  A phantasmal warrior (Vaults:5)
  A shadow dragon zombie (Crypt:2)
  An orc knight (Vaults:5)
  4 deep elf magi
  An orc sorcerer (Vaults:5)
  A frost giant zombie (Crypt:1)
  A sphinx skeleton (Depths:2)
  A wolf spider (Vaults:5)
  6 ugly things
  A centaur skeleton (D:15)
  A sea snake zombie (Crypt:1)
  3 freezing wraiths
  A spriggan zombie (Depths:2)
  A komodo dragon (D:15)
  3 yaktaurs
  A tengu conjurer (Depths:3)
  7 guardian mummies
  2 queen ant zombies
  A nameless horror (Tomb:1)
  A hornet (Depths:2)
  A spectral swamp dragon (Crypt:3)
  2 water elementals
  17 flying skulls
  A shadow (Crypt:1)
  2 wraiths (Crypt:3)
  4 ushabtiu (Tomb:2)
  A warg (Vaults:5)
  A deep troll skeleton (Crypt:1)
  2 necrophages (Crypt:3)
  4 wights (Crypt:1)
  13 mummies
  3 white imps (Depths:5)
  An orc (Vaults:5)
  A hobgoblin skeleton (Crypt:1)
  A kobold skeleton (Crypt:1)
185 creatures vanquished.

Vanquished Creatures (others)
  2 deep elf knights (Elf:2)
  2 deep elf archers (Elf:2)
  A deep elf mage (Elf:2)
  2 ball lightnings (Crypt:2)
  2 orcs
  19 bushes
  26 fungi
  114 plants
168 creatures vanquished.

Grand Total: 2714 creatures vanquished

Notes
Turn   | Place    | Note
-------+----------+-------------------------------------------
     0 | D:1      | protoss039 the Deep Elf Earth Elementalist began the quest
                  | for the Orb.
     0 | D:1      | Reached XP level 1. HP: 10/10 MP: 6/6
   257 | D:1      | Reached XP level 2. HP: 15/15 MP: 8/8
  1059 | D:2      | Found a burning altar of Makhleb.
  1063 | D:2      | Found a shimmering altar of Xom.
  1581 | D:2      | Reached XP level 3. HP: 10/19 MP: 5/9
  1830 | D:2      | Learned a level 2 spell: Passwall
  1834 | D:2      | Learned a level 3 spell: Stone Arrow
  1950 | D:3      | Found a stormy altar of Qazlal.
  1952 | D:3      | Found a blossoming altar of Fedhas.
  2069 | D:3      | Reached XP level 4. HP: 12/24 MP: 1/12
  2929 | D:3      | Reached skill level 5 in Spellcasting
  3384 | D:4      | Reached skill level 5 in Earth Magic
  3384 | D:4      | Reached XP level 5. HP: 22/28 MP: 10/15
  3386 | D:4      | Noticed an ogre
  3559 | D:3      | Learned a level 4 spell: Petrify
  3565 | D:3      | Learned a level 5 spell: Lee's Rapid Deconstruction
  3678 | D:4      | Reached XP level 6. HP: 32/32 MP: 9/17
  3805 | D:4      | Noticed a +0 dagger
  3805 | D:4      | Noticed a +0 dagger
  3808 | D:4      | Found a hide-covered altar of Uskayaw.
  4258 | D:4      | Found a radiant altar of Vehumet.
  4264 | D:4      | Became a worshipper of Vehumet
  4430 | D:4      | Got a twitching golden ring
  4694 | D:4      | Identified the ring "Nurrexuf" {rC+ Stlth+} (You found it
                  | on level 4 of the Dungeon)
  4746 | D:5      | Entered Level 5 of the Dungeon
  4774 | D:5      | Found Ezuf's Antique Weapon Shoppe.
  4852 | D:5      | Reached XP level 7. HP: 36/36 MP: 11/19
  4857 | D:5      | Found Aski Sorch's Gadget Shoppe.
  4858 | D:5      | Reached skill level 1 in Conjurations
  4886 | D:5      | Found Xuutam's General Store.
  5158 | D:5      | Bought a scroll of identify for 22 gold pieces
  5158 | D:5      | Bought a potion of curing for 33 gold pieces
  5158 | D:5      | Bought 2 scrolls of identify for 44 gold pieces
  5199 | D:5      | Found an iron altar of Okawaru.
  5656 | D:5      | Found an opulent altar of Gozag.
  5695 | D:5      | Found a staircase to the Ecumenical Temple.
  5719 | D:5      | Found Geateut's Assorted Antiques.
  5727 | D:5      | Bought a scroll labeled CED VAADAOSO for 27 gold pieces
  5727 | D:5      | Bought 2 fuming ruby potions for 48 gold pieces
  5727 | D:5      | Bought an inky potion for 24 gold pieces
  6022 | D:6      | Found a shattered altar of Ashenzari.
  6084 | D:6      | Got an ancient iron ring
  6492 | D:6      | Found an ornate altar of the Wu Jian Council.
  6493 | D:6      | Noticed a deep elf mage
  6512 | D:6      | Found a transporter.
  6520 | D:6      | Found a transporter.
  6540 | D:6      | Identified the ring "Wajual" {*Contam rElec Str+4 Dex+6}
                  | (You found it on level 6 of the Dungeon)
  7130 | D:5      | Reached XP level 8. HP: 41/41 MP: 10/22
  7212 | D:7      | Found a white marble altar of Elyvilon.
  7667 | D:7      | Reached * piety under Vehumet
  7667 | D:7      | Offered knowledge of Magic Dart by Vehumet.
  7669 | D:7      | Reached skill level 10 in Spellcasting
  8315 | D:8      | Found a glowing golden altar of the Shining One.
  8406 | D:8      | Found an ancient bone altar of Kikubaaqudgha.
  8738 | D:8      | Reached XP level 9. HP: 45/45 MP: 24/25
  9419 | D:5      | Bought a polished leather armour for 189 gold pieces
  9429 | D:5      | Identified the cursed +1 leather armour of Byiwkic {MR+}
                  | (You bought it in a shop on level 5 of the Dungeon)
  9540 | D:9      | Reached ** piety under Vehumet
  9540 | D:9      | Offered knowledge of Freeze by Vehumet.
  9697 | D:9      | Reached skill level 5 in Conjurations
 10186 | D:9      | Reached skill level 10 in Earth Magic
 10217 | D:9      | Got a steaming falchion
 10218 | D:9      | Identified the cursed +0 falchion of Vanity {flame, rC++
                  | Int+3} (You found it on level 9 of the Dungeon)
 10338 | D:9      | Reached skill level 1 in Armour
 10546 | D:9      | Reached XP level 10. HP: 50/50 MP: 28/28
 10712 | D:9      | Found a staircase to the Orcish Mines.
 10826 | D:9      | Identified a scroll of acquirement
 10827 | D:9      | Acquired a +1 pair of boots of flying
 10841 | D:10     | Entered Level 10 of the Dungeon
 10856 | D:10     | Reached skill level 1 in Shields
 10919 | D:9      | Offered knowledge of Static Discharge by Vehumet.
 11057 | D:9      | Learned a level 3 spell: Static Discharge
 11083 | D:10     | Noticed a gargoyle
 11324 | D:10     | Reached skill level 1 in Air Magic
 11412 | D:10     | Reached *** piety under Vehumet
 11781 | D:10     | Killed a gargoyle
 11781 | D:10     | Offered knowledge of Mephitic Cloud by Vehumet.
 11786 | D:10     | Learned a level 3 spell: Mephitic Cloud
 11890 | D:10     | Found a staircase to the Lair.
 11892 | D:10     | Reached XP level 11. HP: 54/54 MP: 31/31
 12094 | D:10     | Killed an unseen horror
 12262 | D:10     | Reached skill level 15 in Spellcasting
 12464 | D:10     | Noticed a two-headed ogre
 12471 | D:10     | Killed a two-headed ogre
 13524 | D:11     | Found Iphaneth's Distillery.
 13556 | D:11     | Noticed Urug
 13558 | D:11     | Killed Urug
 13558 | D:11     | Reached skill level 1 in Poison Magic
 13916 | D:12     | Noticed a seven-headed hydra
 14022 | D:12     | Found a blossoming altar of Fedhas.
 14048 | D:12     | Killed a seven-headed hydra
 14268 | D:12     | Reached **** piety under Vehumet
 14355 | D:12     | You are sucked into a shaft and drop 2 floors!
 14413 | D:14     | Noticed a white ugly thing
 14414 | D:14     | Noticed a white ugly thing
 14573 | D:14     | Noticed a centaur warrior
 14578 | D:14     | Offered knowledge of Ignite Poison by Vehumet.
 14578 | D:14     | Noticed a necromancer
 14592 | D:14     | Found Xepheav's Antique Weapon Shop.
 14593 | D:14     | Noticed a white ugly thing
 14595 | D:14     | Noticed a white ugly thing
 14602 | D:14     | Noticed a wizard
 14605 | D:14     | Killed a wizard
 14770 | D:13     | Reached XP level 12. HP: 49/59 MP: 34/35
 15033 | D:13     | Noticed a fire dragon
 15359 | D:12     | Reached skill level 1 in Fighting
 15607 | D:12     | Noticed a two-headed ogre
 15624 | D:12     | Killed a two-headed ogre
 16184 | D:13     | Reached ***** piety under Vehumet
 16184 | D:13     | Offered knowledge of Bolt of Magma by Vehumet.
 17110 | D:14     | Reached XP level 13. HP: 70/70 MP: 16/38
 17245 | D:14     | Found a gate to the Vaults.
 17843 | D:14     | Learned a level 5 spell: Bolt of Magma
 17844 | D:15     | Entered Level 15 of the Dungeon
 18263 | Lair:1   | Entered Level 1 of the Lair of Beasts
 18303 | Lair:1   | Found a frozen archway.
 18312 | IceCv    | Entered an ice cave
 18314 | IceCv    | Reached skill level 1 in Fire Magic
 18374 | IceCv    | Reached skill level 5 in Fighting
 18420 | IceCv    | Offered knowledge of Iskenderun's Mystic Blast by Vehumet.
 18566 | IceCv    | Got a shimmering dagger
 18608 | Lair:1   | Identified the +9 dagger "Xyriupn" {vorpal, Int+2 SInv}
                  | (You found it in an ice cave)
 19000 | Lair:1   | Found a burning altar of Makhleb.
 19777 | Lair:2   | Found a staircase to the Swamp.
 19944 | Lair:2   | Noticed Pechyafi's ghost (journeyman DDEE)
 19946 | Lair:2   | Noticed a minotaur
 19962 | Lair:2   | Found a runed translucent gate.
 19962 | Lair:2   | Found a runed translucent gate.
 19962 | Lair:2   | Found a runed translucent gate.
 20562 | Lair:3   | You are sucked into a shaft and drop 1 floor!
 20812 | Lair:3   | Offered knowledge of Starburst by Vehumet.
 20929 | Lair:3   | Noticed Rupert
 21474 | Lair:3   | Found a glowing golden altar of the Shining One.
 21494 | Lair:3   | Found a runed translucent door.
 21496 | Lair:3   | Noticed Ixoagrun's ghost (journeyman MiFi)
 21607 | Lair:4   | Found a staircase to the Snake Pit.
 21893 | Lair:4   | Found a runed translucent gate.
 21894 | Lair:4   | Found a runed translucent gate.
 21895 | Lair:4   | Found a runed translucent gate.
 22027 | Lair:4   | Reached XP level 14. HP: 84/84 MP: 40/40
 22365 | Lair:4   | Noticed Nubia's ghost (journeyman GnEn)
 22551 | Lair:4   | Noticed Joth's ghost (journeyman DEAE)
 22553 | Lair:4   | Noticed Bananafolds's ghost (journeyman MfSk)
 22553 | Lair:4   | Noticed Laummuim's ghost (journeyman FeFi)
 22554 | Lair:4   | Noticed Odimp's ghost (journeyman KoWn)
 23001 | Lair:5   | Learned a level 6 spell: Starburst
 23329 | Lair:5   | Reached skill level 10 in Fighting
 23771 | Lair:6   | Entered Level 6 of the Lair of Beasts
 23990 | Lair:6   | Offered knowledge of Lightning Bolt by Vehumet.
 24138 | Lair:6   | Found a runed translucent door.
 25892 | Lair:6   | Reached XP level 15. HP: 85/92 MP: 26/43
 26178 | Lair:6   | Found a viscous altar of Jiyva.
 26178 | Lair:6   | Found a staircase to the Slime Pits.
 27042 | Orc:1    | Entered Level 1 of the Orcish Mines
 27042 | Orc:1    | Found a flagged portal.
 27042 | Orc:1    | Noticed Snorg
 27047 | Orc:1    | Killed Snorg
 27146 | Bailey   | Entered a bailey
 27674 | Orc:1    | Noticed Sonja
 27678 | Orc:1    | Killed Sonja
 27894 | Orc:1    | Offered knowledge of Iron Shot by Vehumet.
 27968 | Orc:1    | Noticed an orc warlord
 27977 | Orc:1    | Killed an orc warlord
 28108 | Orc:1    | Learned a level 6 spell: Iron Shot
 28109 | Orc:2    | Entered Level 2 of the Orcish Mines
 28622 | Orc:2    | Found a roughly hewn altar of Beogh.
 28809 | Orc:2    | Found Laffiu's Distillery.
 28815 | Orc:2    | Found Iliext's Distillery.
 28830 | Orc:2    | Bought a potion of magic for 128 gold pieces
 28830 | Orc:2    | Bought a potion of cancellation for 128 gold pieces
 28830 | Orc:2    | Bought a potion of heal wounds for 80 gold pieces
 28830 | Orc:2    | Bought a potion of mutation for 128 gold pieces
 28830 | Orc:2    | Bought a potion of brilliance for 64 gold pieces
 29038 | Orc:2    | Noticed Jorgrun
 29055 | Orc:2    | Killed Jorgrun
 29206 | Orc:2    | Noticed an orc warlord
 29222 | Orc:2    | Killed an orc warlord
 29581 | Orc:2    | Found a staircase to the Elven Halls.
 29677 | Orc:2    | Noticed an orc warlord
 29701 | Orc:2    | Killed an orc warlord
 29708 | Orc:2    | Reached ****** piety under Vehumet
 29875 | Orc:2    | Found a roughly hewn altar of Beogh.
 29905 | Orc:2    | Offered knowledge of Yara's Violent Unravelling by Vehumet.
 29998 | Orc:2    | Found Lyrryasch's Weapon Shoppe.
 30126 | Orc:2    | Found Dimyelal's Gadget Emporium.
 30361 | Orc:1    | Noticed Gastronok
 30373 | Orc:1    | Killed Gastronok
 30728 | Swamp:1  | Entered Level 1 of the Swamp
 31165 | Swamp:1  | Reached XP level 16. HP: 101/101 MP: 18/46
 31352 | Swamp:1  | Got a wavering tin amulet
 31373 | Swamp:1  | Identified the amulet of Finality {RegenMP +Blink rN+} (You
                  | found it on level 1 of the Swamp)
 31746 | Swamp:2  | Noticed Louise
 32563 | Swamp:2  | Offered knowledge of Lehudib's Crystal Spear by Vehumet.
 32573 | Swamp:2  | Learned a level 8 spell: Lehudib's Crystal Spear
 33123 | Swamp:2  | Found a burning altar of Makhleb.
 33337 | Swamp:2  | Killed Louise
 34007 | Swamp:3  | Found a runed translucent door.
 34013 | Swamp:3  | Noticed zergursh's ghost (journeyman DrFE)
 34045 | Swamp:3  | Found an ornate altar of the Wu Jian Council.
 34444 | Swamp:4  | Entered Level 4 of the Swamp
 35623 | Swamp:4  | Offered knowledge of Fire Storm by Vehumet.
 35623 | Swamp:4  | Offered knowledge of Shatter by Vehumet.
 35623 | Swamp:4  | Offered knowledge of Tornado by Vehumet.
 36049 | Swamp:4  | Learned a level 9 spell: Shatter
 36128 | Swamp:4  | Noticed the 27-headed Lernaean hydra
 36162 | Swamp:4  | Learned a level 2 spell: Slow
 36165 | Swamp:4  | Learned a level 2 spell: Swiftness
 36428 | Swamp:4  | Killed the 27-headed Lernaean hydra
 36440 | Swamp:4  | Reached XP level 17. HP: 108/108 MP: 6/49
 36475 | Swamp:4  | Got a decaying rune of Zot
 36479 | Swamp:4  | Acquired a +0 helmet of intelligence
 36862 | Snake:1  | Entered Level 1 of the Snake Pit
 36951 | Lair:4   | Killed Laummuim's ghost
 36957 | Lair:4   | Killed Bananafolds's ghost
 36958 | Lair:4   | Killed Nubia's ghost
 36959 | Lair:4   | Killed Odimp's ghost
 36966 | Lair:4   | Killed Joth's ghost
 37406 | D:5      | Bought a scroll of identify for 54 gold pieces
 37406 | D:5      | Bought a scroll of identify for 54 gold pieces
 37620 | D:15     | Noticed Nessos
 37840 | Snake:1  | Reached skill level 1 in Hexes
 37899 | Snake:1  | Reached skill level 1 in Charms
 38102 | Snake:1  | Noticed Agnes
 38237 | Snake:1  | Found Zinaim's Gadget Shoppe.
 38475 | Snake:1  | Killed Agnes
 38857 | Snake:2  | Found a runed translucent gate.
 38857 | Snake:2  | Found a runed translucent gate.
 38857 | Snake:2  | Found an opulent altar of Gozag.
 38858 | Snake:2  | Found a runed translucent gate.
 38859 | Snake:2  | Noticed vinnietd's ghost (adept HaFi)
 39174 | Snake:2  | Reached skill level 27 in Spellcasting
 39826 | Snake:2  | Got a fine leather armour
 39837 | Snake:2  | Identified the +2 leather armour of Valour {MP+9 Slay+6}
                  | (You found it on level 2 of the Snake Pit)
 40250 | Snake:3  | Found Gara's Armour Shop.
 40338 | Snake:3  | Found a runed translucent door.
 40339 | Snake:3  | Noticed Smee's ghost (adept MiFi)
 40349 | Snake:3  | Found Osel Amu's Distillery.
 40376 | Snake:3  | Found Koeq's Magic Scroll Shop.
 40379 | Snake:3  | Bought a scroll of blinking for 75 gold pieces
 40379 | Snake:3  | Bought a scroll of teleportation for 30 gold pieces
 40379 | Snake:3  | Bought a scroll of identify for 20 gold pieces
 40379 | Snake:3  | Bought a scroll of fog for 20 gold pieces
 40379 | Snake:3  | Bought a scroll of teleportation for 30 gold pieces
 40379 | Snake:3  | Bought a scroll of identify for 20 gold pieces
 40703 | Snake:3  | Found Loolidi's Distillery.
 41184 | Snake:3  | Found Epinnad's Gadget Emporium.
 42418 | Snake:3  | Identified the Collected Works on the Ashen Birds
 42457 | Snake:4  | Entered Level 4 of the Snake Pit
 42859 | Vaults:1 | Entered Level 1 of the Vaults
 42860 | Vaults:1 | Reached XP level 18. HP: 116/116 MP: 51/51
 44943 | Vaults:1 | Reached skill level 15 in Earth Magic
 45458 | Vaults:2 | Found Ziseson's Armour Shop.
 45463 | Vaults:2 | Bought a +2 robe of magic resistance for 230 gold pieces
 46269 | Vaults:2 | Reached skill level 10 in Conjurations
 46970 | Vaults:2 | Found a staircase to the Crypt.
 46981 | Vaults:2 | Reached XP level 19. HP: 121/121 MP: 42/52
 48761 | Vaults:3 | Found a huge runed gate.
 48761 | Vaults:3 | Found a huge runed gate.
 48762 | Vaults:3 | Found a huge runed gate.
 48763 | Vaults:3 | Found a huge runed gate.
 48770 | Vaults:3 | Found a huge runed gate.
 48914 | Vaults:3 | Found a huge runed gate.
 48915 | Vaults:3 | Found a huge runed gate.
 48916 | Vaults:3 | Found a huge runed gate.
 48923 | Vaults:3 | Found a huge runed gate.
 48925 | Vaults:3 | Found a huge runed gate.
 48929 | Vaults:3 | Found a huge runed gate.
 48929 | Vaults:3 | Found a huge runed gate.
 48929 | Vaults:3 | Found a huge runed gate.
 48929 | Vaults:3 | Found a huge runed gate.
 48929 | Vaults:3 | Found a huge runed gate.
 48929 | Vaults:3 | Found a huge runed gate.
 48929 | Vaults:3 | Found a huge runed gate.
 48930 | Vaults:3 | Found a huge runed gate.
 48932 | Vaults:3 | Found a huge runed gate.
 48940 | Vaults:3 | Found a huge runed gate.
 48940 | Vaults:3 | Found a huge runed gate.
 48940 | Vaults:3 | Found a huge runed gate.
 48940 | Vaults:3 | Found a huge runed gate.
 48940 | Vaults:3 | Found a huge runed gate.
 48940 | Vaults:3 | Found a huge runed gate.
 48941 | Vaults:3 | Found a huge runed gate.
 49118 | Vaults:3 | Found a huge runed gate.
 49119 | Vaults:3 | Found a huge runed gate.
 49127 | Vaults:3 | Found a huge runed gate.
 49127 | Vaults:3 | Found a huge runed gate.
 49127 | Vaults:3 | Found a huge runed gate.
 49127 | Vaults:3 | Found a huge runed gate.
 49127 | Vaults:3 | Found a huge runed gate.
 49127 | Vaults:3 | Found a huge runed gate.
 49127 | Vaults:3 | Found a huge runed gate.
 49179 | Vaults:3 | Found a huge runed gate.
 49293 | Vaults:3 | Noticed Dacon's ghost (adept MiGl)
 49293 | Vaults:3 | Noticed vegansnacktivist's ghost (adept DDFi)
 49293 | Vaults:3 | Noticed Zonian's ghost (adept HOFi)
 49293 | Vaults:3 | Noticed TPoD's ghost (adept HOMo)
 49293 | Vaults:3 | Noticed corvin's ghost (veteran TrBe)
 49293 | Vaults:3 | Noticed Marixus's ghost (adept HOFi)
 49293 | Vaults:3 | Noticed Kipt's ghost (adept SpFE)
 49293 | Vaults:3 | Noticed jlumianski's ghost (veteran KoBe)
 49293 | Vaults:3 | Noticed Skimidon's ghost (adept HOFi)
 50412 | Snake:3  | Killed Smee's ghost
 51834 | Snake:4  | Reached XP level 20. HP: 121/127 MP: 29/53
 52665 | Snake:4  | Got a serpentine rune of Zot
 53068 | Vaults:3 | Killed Dacon's ghost
 53333 | Vaults:2 | Killed corvin's ghost
 53504 | Vaults:3 | Killed Skimidon's ghost
 53555 | Vaults:3 | Killed jlumianski's ghost
 54077 | Vaults:3 | Got a vibrating pewter ring
 54090 | Vaults:3 | Identified the ring "Ykodgh" {rC- MR+ Str+7 Slay+3 SInv}
                  | (You found it on level 3 of the Vaults)
 54377 | Vaults:3 | Killed TPoD's ghost
 54424 | Vaults:3 | Killed Zonian's ghost
 56091 | Vaults:4 | Reached skill level 15 in Fighting
 57177 | Elf:1    | Entered Level 1 of the Elven Halls
 57276 | Elf:1    | Got a bound wooden ring
 57548 | Elf:1    | Reached XP level 21. HP: 135/135 MP: 54/54
 57618 | Elf:1    | Noticed Azrael
 57628 | Elf:1    | Killed Azrael
 57765 | Elf:1    | Found Cenogg's Book Shop.
 57774 | Elf:1    | Bought a book of Power for 675 gold pieces
 57774 | Elf:1    | Bought a book of Transfigurations for 825 gold pieces
 57781 | Elf:1    | Learned a level 6 spell: Statue Form
 57790 | Elf:1    | Learned a level 7 spell: Spellforged Servitor
 58066 | Elf:1    | Reached skill level 1 in Summonings
 58479 | Elf:2    | Identified the cursed ring of Agnosticism {+Inv rElec MR-
                  | EV-4 Dex+4} (You found it on level 1 of the Elven Halls)
 58488 | Elf:2    | Found a flickering gateway to a bazaar.
 58497 | Bazaar   | Entered a bazaar
 58497 | Bazaar   | Found Vikhloq's Food Emporium.
 58497 | Bazaar   | Found Utadghast's Assorted Antiques.
 58497 | Bazaar   | Found Rawucid's Assorted Antiques.
 58516 | Bazaar   | Found Waroh's Book Boutique.
 58516 | Bazaar   | Found Unwa's General Store.
 58558 | Bazaar   | Bought a scroll of acquirement for 1040 gold pieces
 58559 | Bazaar   | Acquired the +0 helmet of Egalitarianism {rPois MR+++ Int-4
                  | Slay+5}
 58571 | Bazaar   | Bought 2 potions of might for 72 gold pieces
 58571 | Bazaar   | Bought a scroll of summoning for 85 gold pieces
 58571 | Bazaar   | Bought a scroll of identify for 18 gold pieces
 58973 | Elf:2    | Found a huge runed translucent gate.
 58974 | Elf:2    | Found a huge runed translucent gate.
 58975 | Elf:2    | Found a huge runed translucent gate.
 58980 | Elf:2    | Found a huge runed translucent gate.
 58980 | Elf:2    | Found a huge runed translucent gate.
 59733 | Elf:3    | Entered Level 3 of the Elven Halls
 59946 | Elf:3    | Identified the +3 mace "protoss039's Foe" {vorpal, Dex+3}
 59986 | Elf:3    | Reached skill level 5 in Summonings
 61714 | Elf:3    | Identified the +11 falchion "Paicyuci" {flame, rC+ rN+
                  | Str-2}
 62111 | Elf:3    | Found the +8 autumn katana {vorpal, Clar}
 62154 | Elf:3    | Got a crude great sword
 62156 | Elf:3    | Got a shimmering scimitar
 62159 | Elf:3    | Identified the Reference Book on Helpful Malediction
 62220 | Elf:3    | Identified Juifeap's Collected Works on the Traveller
 62229 | Elf:3    | Identified the Grimoire of Darkness
 62233 | Elf:3    | Identified the +4 great sword of Vurph {flame, Str+4 Int-5
                  | Dex+4} (You found it on level 3 of the Elven Halls)
 62234 | Elf:3    | Identified the +4 scimitar of Resourcefulness {flame,
                  | Int+3} (You found it on level 3 of the Elven Halls)
 63108 | Vaults:3 | Killed Kipt's ghost
 63210 | Vaults:5 | Entered Level 5 of the Vaults
 63210 | Vaults:5 | Noticed a golden dragon
 63212 | Vaults:5 | Reached XP level 22. HP: 145/145 MP: 55/55
 63217 | Vaults:5 | Killed a golden dragon
 63226 | Vaults:5 | Noticed an ancient lich
 63229 | Vaults:5 | Killed an ancient lich
 63230 | Vaults:5 | Found the macabre finger necklace {rN+}
 64044 | Vaults:5 | Noticed a golden dragon
 64049 | Vaults:5 | Killed a golden dragon
 64654 | Vaults:5 | Got a shimmering dagger
 64657 | Vaults:5 | Identified the +6 dagger "Qiweqat" {vorpal, rElec rN+
                  | Dex-3} (You found it on level 5 of the Vaults)
 65212 | Vaults:5 | Got a silver rune of Zot
 65214 | Vaults:5 | Got a heavily runed buckler
 65226 | Vaults:5 | Identified the -1 buckler of Kamov {rElec MR- Str+4} (You
                  | found it on level 5 of the Vaults)
 65493 | Vaults:5 | Got a pitted mace
 65494 | Vaults:5 | Identified the +7 mace of the Endless March {vorpal, Dex+3}
                  | (You found it on level 5 of the Vaults)
 65516 | Vaults:5 | Got an ancient flail
 65517 | Vaults:5 | Identified the +7 flail "Vywil" {vorpal, +Blink MR+ Stlth-}
                  | (You found it on level 5 of the Vaults)
 65767 | D:15     | Killed Nessos
 66204 | D:15     | Found a staircase to the Depths.
 66206 | D:15     | Reached XP level 23. HP: 155/155 MP: 56/56
 66641 | Depths:1 | Entered Level 1 of the Depths
 67149 | Depths:1 | Found a gateway to Hell.
 67179 | Depths:1 | Found a magical portal.
 67193 | WizLab   | Entered Wucad Mu's Monastery
 67528 | WizLab   | Acquired 2230 gold pieces
 67545 | WizLab   | Found the +9 staff of Wucad Mu {channel}
 67738 | WizLab   | Reached XP level 24. HP: 163/163 MP: 56/56
 68122 | Depths:2 | Found a runed translucent door.
 68122 | Depths:2 | Noticed Fiteada's ghost (adept DsCK)
 68628 | Depths:2 | Noticed an ancient lich
 68633 | Depths:2 | Killed an ancient lich
 69397 | Depths:2 | Identified the Collected Works on Evil Secrets
 69412 | Depths:2 | Found a shimmering blue altar of Sif Muna.
 69757 | Depths:2 | Noticed Asterion
 69763 | Depths:2 | Killed Asterion
 69779 | Depths:2 | Got a faintly glowing spear
 69792 | Depths:2 | Identified the cursed +3 spear of Rydoogg {elec, MR+ Dex+3}
                  | (You found it on level 2 of the Depths)
 70245 | Depths:2 | You are sucked into a shaft and drop 2 floors!
 70265 | Depths:4 | Noticed Boris
 70278 | Depths:4 | Killed Boris
 70626 | Depths:2 | Noticed Saint Roka
 70632 | Depths:2 | Killed Saint Roka
 71368 | Depths:2 | Noticed Nikola
 71373 | Depths:2 | Killed Nikola
 71488 | Depths:2 | Identified Qitterem's Grimoire of Air and Cold
 72122 | Depths:3 | Noticed Bai Suzhen
 72128 | Depths:3 | Killed Bai Suzhen
 72231 | Depths:3 | Noticed a juggernaut
 72247 | Depths:3 | Killed a juggernaut
 72298 | Depths:3 | Identified the +4 trident of Gloom {protect, Stlth+}
 72301 | Depths:3 | Reached XP level 25. HP: 175/175 MP: 53/56
 73575 | Depths:3 | Found a one-way gate leading to the halls of Pandemonium.
 74284 | Depths:3 | Learned a level 9 spell: Fire Storm
 74294 | Depths:3 | Learned a level 9 spell: Tornado
 74619 | D:8      | Fell from the grace of Vehumet
 74620 | D:8      | Became a worshipper of the Shining One
 74932 | Depths:3 | Got a pair of ichor-stained gloves
 74933 | Depths:3 | Identified the cursed +0 pair of gloves "Ankang" {rC+ Int-4
                  | Stlth+} (You found it on level 3 of the Depths)
 74964 | Depths:4 | Found a corrupted altar of Lugonu.
 74964 | Depths:4 | Found a one-way gate to the infinite horrors of the Abyss.
 74974 | Depths:4 | Noticed Mara
 74989 | Depths:4 | Noticed protoss039's illusion
 75161 | Depths:4 | Killed Mara
 75161 | Depths:4 | Reached skill level 1 in Invocations
 76117 | Depths:4 | Reached * piety under the Shining One
 76411 | Depths:5 | Entered Level 5 of the Depths
 78536 | Depths:5 | Reached ** piety under the Shining One
 79219 | Depths:5 | Found a gateway to a ziggurat.
 79463 | Depths:5 | Reached *** piety under the Shining One
 79867 | Depths:5 | Got an encrusted scimitar
 79868 | Depths:5 | Identified the +9 scimitar of Satyriasis {flame, rC+++
                  | Int-5 Dex+4 Stlth+} (You found it on level 5 of the Depths)
 80152 | Depths:5 | Identified the +10 mace of Dividends {drain, Fragile rElec
                  | MR+} (You found it on level 5 of the Depths)
 80208 | Depths:5 | Reached skill level 5 in Invocations
 80294 | Depths:5 | Found a gate to the Realm of Zot.
 80643 | Crypt:1  | Entered Level 1 of the Crypt
 80663 | Crypt:1  | Reached **** piety under the Shining One
 80972 | Crypt:1  | Reached ***** piety under the Shining One
 81517 | Crypt:1  | Reached XP level 26. HP: 182/182 MP: 35/56
 81522 | Crypt:1  | Reached ****** piety under the Shining One
 82909 | Crypt:2  | Found the +12 Vampire's Tooth {vamp}
 83230 | Crypt:3  | Entered Level 3 of the Crypt
 83595 | Crypt:3  | Found an ancient bone altar of Kikubaaqudgha.
 84092 | Crypt:3  | Found the cursed +13 scythe of Curses {drain, *Curse}
 84221 | Crypt:3  | Found a staircase to the Tomb.
 85275 | Tomb:1   | Entered Level 1 of the Tomb of the Ancients
 85777 | Tomb:1   | Reached skill level 27 in Earth Magic
 85953 | Tomb:1   | Noticed a greater mummy
 86049 | Tomb:1   | Killed a greater mummy
 86836 | Tomb:1   | Noticed an ancient lich
 86840 | Tomb:1   | Killed an ancient lich
 86886 | Tomb:1   | Was forgiven by Vehumet
 86947 | Tomb:2   | Noticed an ancient lich
 86950 | Tomb:2   | Reached skill level 10 in Invocations
 86955 | Tomb:2   | Killed an ancient lich
 86958 | Tomb:2   | Noticed a greater mummy
 86977 | Tomb:2   | Noticed a greater mummy
 86982 | Tomb:2   | Killed a greater mummy
 86984 | Tomb:2   | Noticed a greater mummy
 86988 | Tomb:2   | Killed a greater mummy
 86988 | Tomb:2   | Reached XP level 27. HP: 161/188 MP: 9/56
 86997 | Tomb:2   | Killed a greater mummy
 88315 | Tomb:1   | Noticed a greater mummy
 88315 | Tomb:1   | Noticed a greater mummy
 88321 | Tomb:1   | Was placed under penance by the Shining One
 88321 | Tomb:1   | Noticed a greater mummy
 88321 | Tomb:1   | Noticed a greater mummy
 88323 | Tomb:1   | Noticed a greater mummy
 88326 | Tomb:1   | Noticed a greater mummy
 88326 | Tomb:1   | Noticed a greater mummy
 88326 | Tomb:1   | Noticed a greater mummy
 88327 | Tomb:1   | Noticed a greater mummy
 88330 | Tomb:1   | Killed a greater mummy
 88330 | Tomb:1   | Reached skill level 5 in Stealth
 88330 | Tomb:1   | Noticed a greater mummy
 88330 | Tomb:1   | Noticed a greater mummy
 88331 | Tomb:1   | Killed a greater mummy
 88331 | Tomb:1   | Killed a greater mummy
 88331 | Tomb:1   | HP: 4/244 [something (19)]
 88331 | Tomb:1   | Mangled by a greater mummy

Illustrated notes

Levels and vault maps discovered:
D:1:      heliophobic_arrival_ceremonial_halls, layout_basic
D:2:      wander_river, layout_loops_ring, grunt_temple_overflow_open,
          serial_forest, infiniplex_forest_clump_long,
          infiniplex_forest_corner_1, infiniplex_forest_zigzag_1,
          infiniplex_forest_corner_1, chequers_serial_rivers_marsh
D:3:      layout_loops_ring, grunt_temple_overflow_forces_of_nature,
          minivault_27
D:4:      layout_basic, dancing_weapons_uskayaw, vehumet_statue, first_ration,
          grunt_ministairs_10
D:5:      layout_cave_pools, kennysheep_okawaru_gauntlet, kennysheep_little_box,
          temple_hall, serial_shops, shop, shop, nicolae_shop_waterfront,
          nicolae_shop_trees, eino_curves_01, item_on_display_a
D:6:      layout_loops_ring, ashenzari_altar_1, gammafunk_temple_overflow_arena,
          corexii_item_surrounded_by_moat
D:7:      layout_basic, elyvilon_altar_5
D:8:      hangedman_cross_stitches, layout_loops_ring, marbit_many_paths,
          kennysheep_vampire_church
D:9:      layout_basic, orc_0_dummy
D:10:     layout_long_grid, erik_lair_island, serial_undead, serial_undead_d,
          serial_undead_b, serial_undead_f, serial_undead_b
D:11:     layout_irregular_city, serial_shops, kennysheep_mini, uniq_urug
D:12:     layout_cross, grunt_ogre_cave, fedhas_altar_4
D:13:     layout_small_grid
D:14:     layout_loops_ring, david_vaults_1, corexii_hall_statues_s,
          serial_shops, shop
D:15:     hangedman_depths_entry_civil_slaughter, layout_cave_pools,
          serial_park_square2, st_stairs_6, uniq_nessos
Lair:1:   layout_regular_city, basic_altar, portal_ice_cave_entry_pillars_1,
          roderic_batcave, beast_lair_carwin_9, serial_bayou_shore_a
Lair:2:   layout_misc_corridors, swamp_mist_pool,
          maelrawn_ghost_gauntlet_escape, infiniplex_staircase_pool
Lair:3:   layout_hall_layers, basic_altar, ebering_ghost_inner_flame,
          uniq_rupert
Lair:4:   layout_gridlike, minmay_snake_entry_guardpost_small,
          gammafunk_ghost_cemetery
Lair:5:   layout_regular_city, chequers_serial_rivers_large_b,
          chequers_serial_rivers_large_a, infiniplex_staircase_pool_2
Lair:6:   wormcave, layout_concentric_octagons, guppyfry_lair_end_dragon,
          dpeg_slime_entry_enclosed_altar, special_room
          [special_room_mythical_zoo]
Swamp:1:  layout_basic_swamp, evilmike_swamp_ruin_rubble_2, swamp_pool3
Swamp:2:  layout_basic_swamp, lemuel_altar_in_water, uniq_louise
Swamp:3:  layout_basic_swamp, ebering_ghost_reflecting_pool,
          nicolae_swamp_godswood, ldierk_geyser, swamp_pool3
Swamp:4:  grunt_swamp_rune_castle, layout_basic_swamp, swamp_pool3
Snake:1:  layout_cave_shapes, serial_shops, nicolae_shop_stone,
          hangedman_corner_corridor, uniq_agnes
Snake:2:  layout_honeycomb, ebering_ghost_gozag
Snake:3:  layout_chambers, serial_shops, shop, shop, shop,
          nicolae_shop_behind_doors, shop, ebering_ghost_inner_flame,
          grunt_ministairs_1, grunt_megastairs_3
Snake:4:  grunt_snake_rune_pools, layout_cave_shapes, lemuel_fruit_tree
Orc:1:    layout_diamond_mine, enter_bailey_3, minmay_orc_barracks, uniq_sonja,
          uniq_gastronok, uniq_snorg
Orc:2:    pubby_orc_utopia, uniq_jorgrun
Elf:1:    minmay_elf_arrival_circle, layout_onion_city, serial_shops,
          nicolae_shop_waterfront, uniq_azrael
Elf:2:    layout_geoelf_grid, serial_shops, bzr_firewalk
Elf:3:    minmay_elf_hall_x, layout_geoelf_castle
Vaults:1: st_lattice, hangedman_vaults_cutoff, vaults_standard_mumra_x,
          vaults_room_door_ring, v_rooms_5, v_misc_9, vaults_mumra_chevron,
          nicolae_vaults_little_squares_2, v_pattern_2, vaults_room_fancy_cross,
          v_misc_15, hangedman_vaults_variations, ontoclasm_vaults_ring_square,
          vaults_dpeg_diagonal, ontoclasm_vaults_loading_screen, v_misc_13,
          layout_vaults_omnibox
Vaults:2: minmay_crypt_entry_simple_sparse, v_misc_25, vaults_room_octagon,
          v_alt_pattern_5, ontoclasm_vaults_loading_screen, vaults_room_fours,
          nicolae_vaults_border_crossing, vaults_room_pools,
          layout_vaults_omnigrid, serial_shops, shop
Vaults:3: gammafunk_vaults_ghost_door_vault, v_misc_3, st_smaller_cells,
          grunt_vaults_swirl, vaults_dpeg_spiral, ontoclasm_vaults_twist,
          vaults_dpeg_ring, v_misc_24, vaults_mumra_lcd, v_misc_1,
          hangedman_vaults_stretched_pinwheel, vaults_room_fancy_cross,
          ontoclasm_vaults_ring_square, ontoclasm_vaults_ring_small,
          hangedman_vaults_trim, nicolae_vaults_theta, layout_vaults_ring
Vaults:4: v_misc_22, nicolae_vaults_little_squares_5, v_misc_2,
          ontoclasm_vaults_ligature, nicolae_vaults_windows_and_doors_thing,
          grunt_vaults_hallway_short, nicolae_vaults_mini_display_case,
          layout_vaults_chaotic_city
Vaults:5: serial_shops
Crypt:1:  layout_gridlike, due_unseen_surprise
Crypt:2:  layout_rooms, minmay_guarded_unrand_vampires_tooth
Crypt:3:  grunt_crypt_end_deaths_head
Tomb:1
Tomb:2
Depths:1: layout_cave_pools, infiniplex_enter_wizlab_glasses,
          minmay_crystal_water, pf_coc_iceberg, evilmike_butchery
Depths:2: minmay_split_circle, layout_gridlike, old_standard_altar, special_room
          [special_room_morgue], ebering_ghost_inner_flame,
          pf_hell_entry_tar_river, kennysheep_underground_church,
          infiniplex_staircase_zigzag_1, uniq_nikola, uniq_asterion,
          uniq_saint_roka
Depths:3: minmay_the_grid_square_5x5_4x4_mashed
          [minmay_the_grid_square_5x5_plus, minmay_the_grid_square_5x5_slash,
          minmay_the_grid_square_5x5_minibox,
          minmay_the_grid_square_5x5_tetrominoes,
          minmay_the_grid_square_5x5_tie, minmay_the_grid_square_5x5_prize_junk,
          minmay_the_grid_square_5x5_prize_snowflake,
          minmay_the_grid_square_5x5_inner_z,
          minmay_the_grid_square_5x5_detours,
          minmay_the_grid_square_5x5_prize_waves,
          minmay_the_grid_square_5x5_prize_monsterx,
          minmay_the_grid_square_5x5_meh, minmay_the_grid_square_5x5_corner,
          minmay_the_grid_square_5x5_comb, minmay_the_grid_square_5x5_bridge,
          minmay_the_grid_square_5x5_moneybag], layout_gridlike, hell_entry,
          minmay_misc_feat_secret_circle, rand_demon_pan_entry_5,
          uniq_bai_suzhen
Depths:4: minmay_sliced_demisemicircle, layout_basic, abyss_entry_flame_altar,
          grunt_hell_entry_dis_mu, uniq_mara, uniq_boris
Depths:5: grunt_zot_entry_pinwheel, layout_cave_shapes, enter_ziggurat_d,
          hell_entry, minmay_misc_feat_rows, minmay_fire_ice_demons

Skill      XL: |  1  2  3  4  5  6  7  8  9 10 11 12 13 14 15 16 17 18 19 20 21 22 23 24 25 26 27 |
---------------+----------------------------------------------------------------------------------+-----
Stealth        | 3 4 5 |  5.0
Dodging        | 3 |  3.0
Earth Magic    | 4 5 6 7 8 10 11 12 16 20 22 23 25 27 | 27.0
Spellcasting   | 4 5 6 7 8 10 12 14 17 19 20 22 24 26 27 | 27.0
Conjurations   | 2 3 5 7 8 10 | 10.0
Armour         | 4 |  4.0
Shields        | 4 |  4.0
Air Magic      | 2 |  2.0
Transmutations | 2 4 |  4.0
Poison Magic   | 2 |  2.0
Fighting       | 3 8 10 11 12 14 15 17 19 20 22 23 | 23.6
Fire Magic     | 2 |  2.0
Hexes          | 1 |  1.0
Charms         | 1 |  1.0
Summonings     | 8 |  8.0
Invocations    | 5 10 | 10.0

Action                   |  1- 3 |  4- 6 |  7- 9 | 10-12 | 13-15 | 16-18 | 19-21 | 22-24 | 25-27 || total
-------------------------+-------+-------+-------+-------+-------+-------+-------+-------+-------++-------
Melee: Unarmed           |     4 |       |       |       |       |       |       |       |       ||     4
       Club              |    13 |       |       |       |       |       |       |       |       ||    13
       Dagger            |    21 |       |       |       |       |       |       |     1 |     3 ||    25
       Short sword       |       |    29 |    21 |       |       |       |       |       |       ||    50
       Falchion          |       |       |       |    26 |       |       |       |       |    13 ||    39
       Staff             |       |       |       |       |     5 |     4 |     1 |     8 |    23 ||    41
 Cast: Sandblast         |    33 |    39 |    36 |    30 |    65 |    22 |     8 |     6 |       ||   239
       Stone Arrow       |       |    15 |   131 |   201 |   167 |    27 |    10 |    17 |       ||   568
       Lee's Rapid Decon |       |       |    13 |    85 |   188 |   188 |   159 |    82 |    92 ||   807
       Petrify           |       |       |       |    15 |    27 |    24 |    11 |    12 |     1 ||    90
       Mephitic Cloud    |       |       |       |     8 |    87 |    16 |     8 |     2 |       ||   121
       Bolt of Magma     |       |       |       |       |   427 |   144 |       |       |       ||   571
       Static Discharge  |       |       |       |       |     3 |       |       |       |       ||     3
       Iron Shot         |       |       |       |       |     6 |   405 |   355 |   285 |   417 ||  1468
       Slow              |       |       |       |       |       |     3 |       |       |       ||     3
       Swiftness         |       |       |       |       |       |     6 |    18 |     1 |     1 ||    26
       Starburst         |       |       |       |       |       |     8 |       |       |     1 ||     9
       Lehudib's Crystal |       |       |       |       |       |       |    92 |    62 |   117 ||   271
       Shatter           |       |       |       |       |       |       |    14 |    18 |     8 ||    40
       Spellforged Servi |       |       |       |       |       |       |    11 |    45 |    58 ||   114
       Statue Form       |       |       |       |       |       |       |     7 |    22 |    13 ||    42
       Passwall          |       |       |       |       |       |       |       |       |     2 ||     2
Invok: Renounce Religion |       |       |       |       |       |       |       |       |     1 ||     1
       Cleansing Flame   |       |       |       |       |       |       |       |       |     1 ||     1
       Summon Divine War |       |       |       |       |       |       |       |       |     1 ||     1
 Abil: End Transformatio |       |       |       |       |       |       |     6 |    20 |    11 ||    37
       Evoke Blink       |       |       |       |       |       |       |       |     1 |       ||     1
Evoke: Wand              |       |       |       |       |       |     2 |       |       |       ||     2
  Use: Scroll            |       |       |     7 |    15 |    15 |    19 |    21 |     9 |    15 ||   101
       Potion            |       |       |     1 |     5 |       |       |     4 |    15 |     6 ||    31
 Stab: Sleeping          |     4 |       |       |     1 |     1 |       |       |       |       ||     6
  Eat: Chunk             |     3 |     8 |    14 |    18 |    38 |    38 |    30 |    20 |     7 ||   176
       Ration            |       |       |     2 |     1 |     1 |     3 |     7 |     5 |    14 ||    33
Armor: Robe              |    11 |     6 |     9 |       |       |     2 |    39 |       |       ||    67
       Leather armour    |       |       |     1 |    42 |    79 |    94 |       |    29 |    75 ||   320
       Skin              |       |       |       |       |       |       |     8 |   134 |    62 ||   204
Dodge: Dodged            |    54 |    40 |    38 |    59 |   106 |   135 |    59 |   109 |   155 ||   755
Block: Buckler           |       |       |     2 |    41 |    71 |   101 |    44 |    96 |   130 ||   485
       Rpst.: Falchion   |       |       |       |    16 |     2 |       |       |       |     4 ||    22
